Canadiens vs Jets

Created - 29 janvier 2021 at 21:43

Goals
1 2 3 T
Canadiens 2 1 0 3
Jets 0 2 3 5
Shots
1 2 3 T
Canadiens 13 12 9 34
Jets 10 15 19 44

1st period

1. Canadiens , Auston Matthews 23 (Teuvo Teravainen 26, Patrick Kane 36) at 2:22
2. Canadiens , Auston Matthews 24 (Josh Morrissey 21, Patrick Kane 37) at 11:32 (PP)

Penalties :
Hampus Lindholm (WPG) for Cross-checking (Minor) at 10:36, Karl Alzner (MTL) for Hooking (Minor) at 15:27

2nd period

3. Jets , Zach Parise 19 (Kasperi Kapanen 13, Jay Bouwmeester 12) at 3:04
4. Jets , Jaccob Slavin 8 (Brock Nelson 22, Ben Bishop) at 4:50 (PP)
5. Canadiens , Jakob Silfverberg 18 (Cam Fowler 30, Ilya Kovalchuk 7) at 18:43

Penalties :
Loui Eriksson (MTL) for Interference (Minor) at 3:18, Ivan Provorov (MTL) for Hooking (Minor) at 19:28

3rd period

6. Jets , Torey Krug 10 (Mika Zibanejad 30) at 0:04 (PP)
7. Jets , Kasperi Kapanen 10 (Zach Parise 20, Mika Zibanejad 31) at 8:43
8. Jets , Zach Parise 20 (Mika Zibanejad 32, Keith Yandle 23) at 17:49

Penalties :
Bryan Rust (WPG) for Slashing (Minor) at 6:09

Goalie Stats

Tuukka Rask (MTL), 39 saves from 44 shots - (0,886), L, 16-10-2, 60:00 minutes
Ben Bishop (WPG), 31 saves from 34 shots - (0,912), W, 28-9-4, 60:00 minutes

Players Stats for Canadiens

Player Name              G  A  P  +/- PIM S  H  SB GA TA FO     MP     PP MP  PK MP  
------------------------------------------------------------------------------------
Artturi Lehkonen         0  0  0   0  0   2  1  0  0  0  0/0    12:26   0:00   1:19 
Auston Matthews          2  0  2   0  0   7  3  0  0  0  19/36  22:34   1:29   0:21 
Cam Fowler               0  1  1   0  0   2  4  4  0  0  0/0    23:45   1:26   2:10 
Colin White              0  0  0   0  0   1  0  0  0  0  7/14   11:07   0:00   0:00 
Danny DeKeyser           0  0  0   0  0   0  1  1  0  0  0/0    21:54   0:00   1:45 
David Krejci             0  0  0  -1  0   3  1  0  0  0  8/23   16:57   1:26   0:00 
Ilya Kovalchuk           0  1  1  -1  0   1  3  0  0  0  0/3    16:57   1:26   0:00 
Ivan Provorov            0  0  0  -2  2   1  5  4  0  0  0/0    22:39   1:26   1:57 
Jakob Silfverberg        1  0  1  -1  0   1  0  0  0  0  2/5    17:47   1:26   0:50 
Josh Morrissey           0  1  1  -2  0   2  1  2  0  0  0/0    23:08   1:29   2:22 
Karl Alzner              0  0  0   1  2   1  2  1  0  0  0/0    13:31   0:00   0:00 
Loui Eriksson            0  0  0   0  2   2  0  0  0  0  1/1     7:31   0:00   1:56 
Nick Shore               0  0  0   0  0   0  0  0  0  0  11/18   8:32   0:00   2:56 
Patrick Kane             0  2  2   0  0   6  1  0  0  0  2/4    22:13   1:29   0:00 
Teuvo Teravainen         0  1  1   0  0   3  1  1  0  0  1/2    22:13   1:29   0:00 
Travis Sanheim           0  0  0   1  0   0  1  1  0  0  0/0    15:01   1:29   0:00 
Tyson Jost               0  0  0   0  0   1  1  0  0  0  0/0     5:36   0:00   0:00 
Valeri Nichushkin        0  0  0   0  0   1  0  0  0  0  0/0    11:59   0:00   0:52 

Players Stats for Jets

Player Name              G  A  P  +/- PIM S  H  SB GA TA FO     MP     PP MP  PK MP  
------------------------------------------------------------------------------------
Brandon Saad             0  0  0   0  0   1  0  0  0  0  2/2    11:05   0:00   0:18 
Brock Nelson             0  1  1  -1  0   2  0  0  0  0  15/23  17:53   1:37   0:18 
Bryan Rust               0  0  0  -1  2   5  3  0  0  0  1/2    18:27   2:30   0:00 
Carl Soderberg           0  0  0   0  0   0  0  0  0  0  1/1     6:41   0:00   0:39 
Hampus Lindholm          0  0  0   0  2   1  2  1  0  0  0/0    20:15   1:37   1:03 
Jaccob Slavin            1  0  1   0  0   3  1  3  0  0  0/0    24:09   1:37   1:31 
Jay Bouwmeester          0  1  1   1  0   0  0  1  0  0  0/0    17:57   0:00   1:40 
Kasperi Kapanen          1  1  2   2  0   5  1  0  0  0  1/1    20:11   0:00   0:00 
Keith Yandle             0  1  1   0  0   2  0  1  0  0  0/0    22:59   2:30   1:24 
Mats Zuccarello          0  0  0  -1  0   3  0  0  0  0  3/5    17:35   1:37   0:00 
Mika Zibanejad           0  3  3   2  0   8  1  0  0  0  16/42  22:41   2:30   0:00 
Mikko Koivu              0  0  0   0  0   1  0  0  0  0  3/10    8:00   0:00   1:58 
Nick Foligno             0  0  0   0  0   3  1  0  0  0  0/1    11:26   0:00   0:39 
Nick Suzuki              0  0  0   0  0   2  0  0  0  0  12/16  12:24   1:37   0:00 
Patrik Nemeth            0  0  0   1  0   0  0  1  0  0  0/0    16:17   0:00   0:00 
Tim Schaller             0  0  0   0  0   0  0  0  0  0  0/0     8:00   0:00   1:58 
Torey Krug               1  0  1   0  0   1  1  0  0  0  0/0    18:22   2:30   0:12 
Zach Parise              2  1  3   2  0   7  1  0  0  0  1/3    22:41   2:30   0:00 

3 Stars

1 - Zach Parise (WPG)
2 - Mika Zibanejad (WPG)
3 - Kasperi Kapanen (WPG)

Power Play

Canadiens - 1 on 2 Attempt(s) - 50,00%
Jets - 2 on 3 Attempt(s) - 66,67%

Penalty Kill

Canadiens - 1 on 3 Attempt(s) - 33,33% - Score 0 goal in Penalty Kill
Jets - 1 on 2 Attempt(s) - 50,00% - Score 0 goal in Penalty Kill

Team Stat

Canadiens - Hits : 25 - Faceoff Wins : 51 - Blocked Shots : 14 - Penalty Minutes : 6
Jets - Hits : 11 - Faceoff Wins : 55 - Blocked Shots : 7 - Penalty Minutes : 4

Official

Referees : Dan Kelly and Kendrick Nicholson
Linesman : Matt MacPherson and Tony Sericolo

Game Notes

No Game Note

Finance

Level 1 -- Attendance: 6000 (100,00%) -- Ticket Income 720 000 $
Level 2 -- Attendance: 3842 (76,84%) -- Ticket Income 422 620 $
Level 3 -- Attendance: 1920 (87,27%) -- Ticket Income 192 000 $
Level 4 -- Attendance: 1016 (100,00%) -- Ticket Income 91 440 $
Luxury Box -- Attendance: 570 (71,25%) -- Ticket Income 193 800 $
Game was played at the MTS Center.
Total Attendance: 13348 (88,89%)
Total Ticket Income: 1 619 860 $
Other Income: 793 731 $
Total Income: 2 413 591 $

% Time on Ice - Canadiens

Lines # - Real PCT - Wanted PCT - Time Play
Normal Forward
1 - 39% - 40% - 20:44
2 - 29% - 30% - 15:31
3 - 21% - 20% - 11:07
4 - 11% - 10% - 5:36
Normal Defense
1 - 38% - 38% - 20:09
2 - 36% - 37% - 19:17
3 - 13% - 13% - 7:03
4 - 12% - 12% - 6:29
PP Forward
1 - 51% - 60% - 1:29
2 - 49% - 40% - 1:26
PP Defense
1 - 49% - 50% - 1:26
2 - 51% - 50% - 1:29
PK Forward
1 - 80% - 60% - 3:17
2 - 20% - 40% - 0:50
PK Defense
1 - 43% - 50% - 1:45
2 - 57% - 50% - 2:22
PK3 Forward
1 - 0% - 60%
2 - 0% - 40%
PK3 Defense
1 - 0% - 50%
2 - 0% - 50%
44 Forward
1 - 0% - 60%
2 - 0% - 40%
44 Defense
1 - 0% - 60%
2 - 0% - 40%
Last Minute Offensive  - 0:00
Last Minute Defensive  - 0:00
Total
Forward - 60:00
Defense - 60:00

% Time on Ice - Jets

Lines # - Real PCT - Wanted PCT - Time Play
Normal Forward
1 - 38% - 42% - 20:11
2 - 30% - 33% - 15:58
3 - 20% - 16% - 10:47
4 - 11% - 9% - 6:02
Normal Defense
1 - 36% - 40% - 19:05
2 - 30% - 30% - 15:40
3 - 31% - 20% - 16:17
4 - 4% - 10% - 1:56
PP Forward
1 - 61% - 60% - 2:30
2 - 39% - 40% - 1:37
PP Defense
1 - 61% - 60% - 2:30
2 - 39% - 40% - 1:37
PK Forward
1 - 78% - 60% - 2:16
2 - 22% - 40% - 0:39
PK Defense
1 - 52% - 60% - 1:31
2 - 48% - 40% - 1:24
PK3 Forward
1 - 0% - 60%
2 - 0% - 40%
PK3 Defense
1 - 0% - 60%
2 - 0% - 40%
44 Forward
1 - 0% - 60%
2 - 0% - 40%
44 Defense
1 - 0% - 60%
2 - 0% - 40%
Last Minute Offensive  - 0:00
Last Minute Defensive  - 0:00
Total
Forward - 60:00
Defense - 60:00

Play-by-Play

1st period


0:01 of 1st period - Mika Zibanejad wins face-off versus Auston Matthews in neutral zone.
0:10 of 1st period - Shot by Mika Zibanejad.
0:10 of 1st period - Stopped by Tuukka Rask without a rebound.
0:11 of 1st period - Brock Nelson wins face-off versus David Krejci in Canadiens zone.
0:12 of 1st period - Shot by Mats Zuccarello.
0:12 of 1st period - Stopped by Tuukka Rask without a rebound.
0:13 of 1st period - Mats Zuccarello wins face-off versus Colin White in Canadiens zone.
1:24 of 1st period - Icing by Danny DeKeyser.
1:25 of 1st period - Nick Suzuki wins face-off versus David Krejci in Canadiens zone.
1:42 of 1st period - Shot by David Krejci.
1:42 of 1st period - Stopped by Ben Bishop without a rebound.
1:43 of 1st period - Auston Matthews wins face-off versus Mika Zibanejad in Jets zone.
1:44 of 1st period - Shot by Patrick Kane.
1:44 of 1st period - Stopped by Ben Bishop with a rebound.
1:46 of 1st period - Shot by Patrick Kane.
1:46 of 1st period - Stopped by Ben Bishop without a rebound.
1:47 of 1st period - Mika Zibanejad wins face-off versus Auston Matthews in Jets zone.
1:47 of 1st period - Mika Zibanejad is hit by Auston Matthews.
2:10 of 1st period - Shot by Patrick Kane.
2:10 of 1st period - Stopped by Ben Bishop with a rebound.
2:20 of 1st period - Shot by Teuvo Teravainen.
2:20 of 1st period - Deflect By Auston Matthews.
2:20 of 1st period - Shot Blocked by Jaccob Slavin.
2:22 of 1st period - Shot by Auston Matthews.
2:22 of 1st period - Goal by Auston Matthews - Canadiens : 1 - Jets : 0.
2:23 of 1st period - Mikko Koivu wins face-off versus Nick Shore in neutral zone.
2:40 of 1st period - Shot by Tyson Jost.
2:40 of 1st period - Stopped by Ben Bishop without a rebound.
2:41 of 1st period - Nick Suzuki wins face-off versus David Krejci in Jets zone.
3:02 of 1st period - Shot by Nick Suzuki.
3:02 of 1st period - Shot Misses the Net.
3:04 of 1st period - Shot by Patrik Nemeth.
3:04 of 1st period - Shot Misses the Net.
3:06 of 1st period - Shot by Jay Bouwmeester.
3:06 of 1st period - Shot Misses the Net.
3:08 of 1st period - Shot by Nick Foligno.
3:08 of 1st period - Stopped by Tuukka Rask without a rebound.
3:09 of 1st period - Auston Matthews wins face-off versus Mika Zibanejad in Canadiens zone.
3:13 of 1st period - Icing by Auston Matthews.
3:14 of 1st period - Mika Zibanejad wins face-off versus Auston Matthews in Canadiens zone.
3:19 of 1st period - Shot by Mika Zibanejad.
3:19 of 1st period - Shot Misses the Net.
3:35 of 1st period - Shot by Kasperi Kapanen.
3:35 of 1st period - Shot Misses the Net.
3:37 of 1st period - Shot by Kasperi Kapanen.
3:37 of 1st period - Shot Misses the Net.
3:39 of 1st period - Shot by Mika Zibanejad.
3:39 of 1st period - Deflect By Zach Parise.
3:39 of 1st period - Shot Misses the Net.
3:49 of 1st period - Shot by Mika Zibanejad.
3:49 of 1st period - Stopped by Tuukka Rask without a rebound.
3:50 of 1st period - Nick Shore wins face-off versus Brock Nelson in Canadiens zone.
3:50 of 1st period - Nick Shore is hit by Bryan Rust.
5:05 of 1st period - Shot by Artturi Lehkonen.
5:05 of 1st period - Stopped by Ben Bishop without a rebound.
5:06 of 1st period - Auston Matthews wins face-off versus Mika Zibanejad in Jets zone.
5:19 of 1st period - Kasperi Kapanen is hit by Patrick Kane and loses puck.
5:43 of 1st period - Off-side.
5:44 of 1st period - Mikko Koivu wins face-off versus David Krejci in neutral zone.
5:53 of 1st period - Shot by Keith Yandle.
5:53 of 1st period - Shot Misses the Net.
5:55 of 1st period - Shot by Mikko Koivu.
5:55 of 1st period - Stopped by Tuukka Rask without a rebound.
5:56 of 1st period - Colin White wins face-off versus Nick Foligno in Canadiens zone.
5:56 of 1st period - Colin White is hit by Nick Foligno.
6:18 of 1st period - Shot by Keith Yandle.
6:18 of 1st period - Stopped by Tuukka Rask without a rebound.
6:19 of 1st period - Mika Zibanejad wins face-off versus David Krejci in Canadiens zone.
6:44 of 1st period - Kasperi Kapanen is hit by Ivan Provorov and loses puck.
7:08 of 1st period - Icing by Ivan Provorov.
7:09 of 1st period - Brock Nelson wins face-off versus David Krejci in Canadiens zone.
8:10 of 1st period - Icing by Jay Bouwmeester.
8:11 of 1st period - Auston Matthews wins face-off versus Mikko Koivu in Jets zone.
8:12 of 1st period - Shot by Cam Fowler.
8:12 of 1st period - Stopped by Ben Bishop without a rebound.
8:13 of 1st period - Auston Matthews wins face-off versus Nick Suzuki in Jets zone.
8:34 of 1st period - Shot by Nick Suzuki.
8:34 of 1st period - Stopped by Tuukka Rask without a rebound.
8:35 of 1st period - Colin White wins face-off versus Mika Zibanejad in Canadiens zone.
9:24 of 1st period - Shot by Patrick Kane.
9:24 of 1st period - Shot Blocked by Keith Yandle.
9:32 of 1st period - Shot by Teuvo Teravainen.
9:32 of 1st period - Stopped by Ben Bishop without a rebound.
9:33 of 1st period - Nick Shore wins face-off versus Mats Zuccarello in Jets zone.
9:51 of 1st period - Icing by Hampus Lindholm.
9:52 of 1st period - Auston Matthews wins face-off versus Brock Nelson in Jets zone.
9:52 of 1st period - Auston Matthews is hit by Hampus Lindholm.
10:35 of 1st period - Patrick Kane is hit by Hampus Lindholm and loses puck.
10:36 of 1st period - Minor Penalty to Hampus Lindholm for Cross-checking.
10:37 of 1st period - David Krejci wins face-off versus Mikko Koivu in Jets zone.
11:32 of 1st period - Shot by Auston Matthews.
11:32 of 1st period - Goal by Auston Matthews - Canadiens : 2 - Jets : 0.
11:33 of 1st period - Mika Zibanejad wins face-off versus Colin White in neutral zone.
12:55 of 1st period - Nick Foligno is hit by Cam Fowler and loses puck.
13:31 of 1st period - Jaccob Slavin is hit by Teuvo Teravainen.
14:11 of 1st period - Shot by David Krejci.
14:11 of 1st period - Stopped by Ben Bishop without a rebound.
14:12 of 1st period - Nick Shore wins face-off versus Mika Zibanejad in Jets zone.
14:18 of 1st period - Icing by Kasperi Kapanen.
14:19 of 1st period - Mika Zibanejad wins face-off versus David Krejci in Jets zone.
14:52 of 1st period - Shot by Mika Zibanejad.
14:52 of 1st period - Shot Blocked by Ivan Provorov.
14:54 of 1st period - Shot by Mika Zibanejad.
14:54 of 1st period - Shot Misses the Net.
14:56 of 1st period - Shot by Kasperi Kapanen.
14:56 of 1st period - Stopped by Tuukka Rask without a rebound.
14:57 of 1st period - Brock Nelson wins face-off versus Nick Shore in Canadiens zone.
14:57 of 1st period - Brock Nelson is hit by Karl Alzner.
15:03 of 1st period - Shot by Bryan Rust.
15:03 of 1st period - Shot Misses the Net.
15:06 of 1st period - Icing by Tyson Jost.
15:07 of 1st period - Nick Suzuki wins face-off versus Nick Shore in Canadiens zone.
15:07 of 1st period - Nick Suzuki is hit by Travis Sanheim.
15:27 of 1st period - Minor Penalty to Karl Alzner for Hooking.
15:28 of 1st period - Nick Shore wins face-off versus Mika Zibanejad in Canadiens zone.
15:49 of 1st period - Shot by Mika Zibanejad.
15:49 of 1st period - Stopped by Tuukka Rask with a rebound.
15:51 of 1st period - Shot by Zach Parise.
15:51 of 1st period - Stopped by Tuukka Rask without a rebound.
15:52 of 1st period - Nick Suzuki wins face-off versus Jakob Silfverberg in Canadiens zone.
16:09 of 1st period - Shot by Loui Eriksson.
16:09 of 1st period - Stopped by Ben Bishop without a rebound.
16:10 of 1st period - Nick Shore wins face-off versus Mika Zibanejad in Jets zone.
16:39 of 1st period - Shot by Zach Parise.
16:39 of 1st period - Shot Misses the Net.
16:41 of 1st period - Shot by Keith Yandle.
16:41 of 1st period - Shot Misses the Net.
16:43 of 1st period - Shot by Keith Yandle.
16:43 of 1st period - Shot Misses the Net.
17:37 of 1st period - Shot by Auston Matthews.
17:37 of 1st period - Stopped by Ben Bishop without a rebound.
17:38 of 1st period - Teuvo Teravainen wins face-off versus Mikko Koivu in Jets zone.
18:01 of 1st period - Shot by Tim Schaller.
18:01 of 1st period - Shot Blocked by Teuvo Teravainen.
18:43 of 1st period - Icing by Patrik Nemeth.
18:44 of 1st period - Colin White wins face-off versus Mikko Koivu in Jets zone.
19:06 of 1st period - Icing by Artturi Lehkonen.
19:07 of 1st period - Mika Zibanejad wins face-off versus Colin White in Canadiens zone.
Goals for this period are 2 for Canadiens vs 0 for Jets.
Shots for this period are 13 for Canadiens vs 10 for Jets.

2nd period


0:01 of 2nd period - Patrick Kane wins face-off versus Mika Zibanejad in neutral zone.
0:06 of 2nd period - Shot by Patrick Kane.
0:06 of 2nd period - Shot Blocked by Jaccob Slavin.
0:08 of 2nd period - Shot by Auston Matthews.
0:08 of 2nd period - Stopped by Ben Bishop without a rebound.
0:09 of 2nd period - Brock Nelson wins face-off versus Auston Matthews in Jets zone.
0:11 of 2nd period - Icing by Bryan Rust.
0:12 of 2nd period - Auston Matthews wins face-off versus Brock Nelson in Jets zone.
0:13 of 2nd period - Shot by Patrick Kane.
0:13 of 2nd period - Stopped by Ben Bishop without a rebound.
0:14 of 2nd period - Auston Matthews wins face-off versus Mika Zibanejad in Jets zone.
0:19 of 2nd period - Shot by Teuvo Teravainen.
0:19 of 2nd period - Deflect By Auston Matthews.
0:19 of 2nd period - Stopped by Ben Bishop without a rebound.
0:20 of 2nd period - Auston Matthews wins face-off versus Mika Zibanejad in Jets zone.
0:25 of 2nd period - Shot by Teuvo Teravainen.
0:25 of 2nd period - Stopped by Ben Bishop without a rebound.
0:26 of 2nd period - Auston Matthews wins face-off versus Brock Nelson in Jets zone.
0:55 of 2nd period - Shot by Brock Nelson.
0:55 of 2nd period - Stopped by Tuukka Rask without a rebound.
0:56 of 2nd period - Mika Zibanejad wins face-off versus David Krejci in Canadiens zone.
1:27 of 2nd period - Shot by Ilya Kovalchuk.
1:27 of 2nd period - Stopped by Ben Bishop without a rebound.
1:28 of 2nd period - Mats Zuccarello wins face-off versus Auston Matthews in Jets zone.
1:28 of 2nd period - Mats Zuccarello is hit by Auston Matthews.
1:38 of 2nd period - Shot by Bryan Rust.
1:38 of 2nd period - Shot Misses the Net.
2:38 of 2nd period - Shot by Nick Foligno.
2:38 of 2nd period - Stopped by Tuukka Rask with a rebound.
2:40 of 2nd period - Shot by Nick Foligno.
2:40 of 2nd period - Stopped by Tuukka Rask without a rebound.
2:41 of 2nd period - David Krejci wins face-off versus Mika Zibanejad in Canadiens zone.
2:56 of 2nd period - Shot by Kasperi Kapanen.
2:56 of 2nd period - Stopped by Tuukka Rask with a rebound.
2:58 of 2nd period - Shot by Jay Bouwmeester.
2:58 of 2nd period - Shot Misses the Net.
3:04 of 2nd period - Shot by Zach Parise.
3:04 of 2nd period - Goal by Zach Parise - Canadiens : 2 - Jets : 1.
3:05 of 2nd period - Nick Suzuki wins face-off versus Nick Shore in neutral zone.
3:18 of 2nd period - Minor Penalty to Loui Eriksson for Interference.
3:19 of 2nd period - Nick Shore wins face-off versus Mika Zibanejad in Canadiens zone.
3:42 of 2nd period - Shot by Mika Zibanejad.
3:42 of 2nd period - Stopped by Tuukka Rask with a rebound.
3:44 of 2nd period - Shot by Keith Yandle.
3:44 of 2nd period - Deflect By Mika Zibanejad.
3:44 of 2nd period - Shot Misses the Net.
3:46 of 2nd period - Shot by Mika Zibanejad.
3:46 of 2nd period - Shot Misses the Net.
3:48 of 2nd period - Shot by Bryan Rust.
3:48 of 2nd period - Shot Blocked by Ivan Provorov.
3:50 of 2nd period - Shot by Keith Yandle.
3:50 of 2nd period - Stopped by Tuukka Rask with a rebound.
3:52 of 2nd period - Shot by Torey Krug.
3:52 of 2nd period - Shot Misses the Net.
3:56 of 2nd period - Shot by Keith Yandle.
3:56 of 2nd period - Shot Blocked by Ivan Provorov.
4:13 of 2nd period - Icing by Nick Suzuki.
4:14 of 2nd period - Jakob Silfverberg wins face-off versus Nick Suzuki in Jets zone.
4:24 of 2nd period - Icing by Hampus Lindholm.
4:25 of 2nd period - Nick Suzuki wins face-off versus Auston Matthews in Jets zone.
4:38 of 2nd period - Shot by Jaccob Slavin.
4:38 of 2nd period - Shot Blocked by Cam Fowler.
4:50 of 2nd period - Shot by Jaccob Slavin.
4:50 of 2nd period - Goal by Jaccob Slavin - Canadiens : 2 - Jets : 2.
4:51 of 2nd period - Mika Zibanejad wins face-off versus David Krejci in neutral zone.
5:08 of 2nd period - Shot by Mika Zibanejad.
5:08 of 2nd period - Shot Misses the Net.
5:10 of 2nd period - Shot by Patrik Nemeth.
5:10 of 2nd period - Shot Misses the Net.
5:12 of 2nd period - Shot by Mika Zibanejad.
5:12 of 2nd period - Shot Misses the Net.
5:20 of 2nd period - Shot by Mika Zibanejad.
5:20 of 2nd period - Shot Misses the Net.
5:22 of 2nd period - Shot by Kasperi Kapanen.
5:22 of 2nd period - Stopped by Tuukka Rask without a rebound.
5:23 of 2nd period - Brock Nelson wins face-off versus Teuvo Teravainen in Canadiens zone.
6:06 of 2nd period - Shot by Teuvo Teravainen.
6:06 of 2nd period - Stopped by Ben Bishop without a rebound.
6:07 of 2nd period - Kasperi Kapanen wins face-off versus David Krejci in Jets zone.
6:34 of 2nd period - Shot by Mika Zibanejad.
6:34 of 2nd period - Shot Misses the Net.
6:36 of 2nd period - Shot by Zach Parise.
6:36 of 2nd period - Shot Blocked by Josh Morrissey.
6:42 of 2nd period - Shot by Kasperi Kapanen.
6:42 of 2nd period - Stopped by Tuukka Rask with a rebound.
7:32 of 2nd period - Shot by Valeri Nichushkin.
7:32 of 2nd period - Shot Misses the Net.
7:34 of 2nd period - Shot by Valeri Nichushkin.
7:34 of 2nd period - Deflect By Colin White.
7:34 of 2nd period - Stopped by Ben Bishop with a rebound.
7:36 of 2nd period - Shot by Travis Sanheim.
7:36 of 2nd period - Shot Misses the Net.
7:38 of 2nd period - Shot by Artturi Lehkonen.
7:38 of 2nd period - Shot Misses the Net.
7:40 of 2nd period - Shot by Karl Alzner.
7:40 of 2nd period - Stopped by Ben Bishop with a rebound.
7:42 of 2nd period - Shot by Travis Sanheim.
7:42 of 2nd period - Shot Misses the Net.
8:36 of 2nd period - Icing by Jay Bouwmeester.
8:37 of 2nd period - Nick Suzuki wins face-off versus Nick Shore in Jets zone.
8:37 of 2nd period - Nick Suzuki is hit by Tyson Jost.
9:10 of 2nd period - Shot by Mika Zibanejad.
9:10 of 2nd period - Stopped by Tuukka Rask without a rebound.
9:11 of 2nd period - Brock Nelson wins face-off versus Jakob Silfverberg in Canadiens zone.
9:26 of 2nd period - Shot by Mats Zuccarello.
9:26 of 2nd period - Stopped by Tuukka Rask without a rebound.
9:27 of 2nd period - Auston Matthews wins face-off versus Mika Zibanejad in Canadiens zone.
10:01 of 2nd period - Shot by Teuvo Teravainen.
10:01 of 2nd period - Shot Hit the Post.
10:09 of 2nd period - Shot by Teuvo Teravainen.
10:09 of 2nd period - Shot Misses the Net.
10:24 of 2nd period - Icing by Josh Morrissey.
10:25 of 2nd period - Brock Nelson wins face-off versus David Krejci in Canadiens zone.
10:25 of 2nd period - Bryan Rust is hit by Ivan Provorov and loses puck.
10:31 of 2nd period - Ivan Provorov is hit by Torey Krug and loses puck.
10:38 of 2nd period - Shot by David Krejci.
10:38 of 2nd period - Stopped by Ben Bishop without a rebound.
10:39 of 2nd period - Colin White wins face-off versus Mikko Koivu in Jets zone.
11:06 of 2nd period - Shot by Hampus Lindholm.
11:06 of 2nd period - Deflect By Mikko Koivu.
11:06 of 2nd period - Shot Misses the Net.
11:08 of 2nd period - Shot by Tim Schaller.
11:08 of 2nd period - Shot Misses the Net.
11:24 of 2nd period - Icing by Travis Sanheim.
11:25 of 2nd period - Brock Nelson wins face-off versus Colin White in Canadiens zone.
11:28 of 2nd period - Shot by Brock Nelson.
11:28 of 2nd period - Shot Blocked by Karl Alzner.
11:30 of 2nd period - Shot by Brock Nelson.
11:30 of 2nd period - Shot Misses the Net.
11:32 of 2nd period - Shot by Keith Yandle.
11:32 of 2nd period - Shot Blocked by Travis Sanheim.
11:57 of 2nd period - Shot by Brock Nelson.
11:57 of 2nd period - Shot Misses the Net.
11:59 of 2nd period - Shot by Jaccob Slavin.
11:59 of 2nd period - Stopped by Tuukka Rask without a rebound.
12:00 of 2nd period - Auston Matthews wins face-off versus Mika Zibanejad in Canadiens zone.
12:00 of 2nd period - Auston Matthews is hit by Mika Zibanejad.
12:34 of 2nd period - Icing by Danny DeKeyser.
12:35 of 2nd period - Nick Suzuki wins face-off versus Auston Matthews in Canadiens zone.
12:52 of 2nd period - Shot by Auston Matthews.
12:52 of 2nd period - Stopped by Ben Bishop with a rebound.
13:00 of 2nd period - Torey Krug is hit by Danny DeKeyser and loses puck.
13:05 of 2nd period - Shot by Nick Foligno.
13:05 of 2nd period - Shot Blocked by Cam Fowler.
13:07 of 2nd period - Shot by Nick Foligno.
13:07 of 2nd period - Shot Misses the Net.
13:09 of 2nd period - Shot by Brandon Saad.
13:09 of 2nd period - Shot Misses the Net.
13:11 of 2nd period - Shot by Hampus Lindholm.
13:11 of 2nd period - Stopped by Tuukka Rask without a rebound.
13:12 of 2nd period - Bryan Rust wins face-off versus Jakob Silfverberg in Canadiens zone.
13:12 of 2nd period - Bryan Rust is hit by Josh Morrissey.
13:16 of 2nd period - Shot by Mats Zuccarello.
13:16 of 2nd period - Deflect By Brock Nelson.
13:16 of 2nd period - Shot Misses the Net.
13:19 of 2nd period - Mats Zuccarello is hit by Ivan Provorov and loses puck.
13:30 of 2nd period - Shot by Brock Nelson.
13:30 of 2nd period - Stopped by Tuukka Rask without a rebound.
13:31 of 2nd period - Nick Shore wins face-off versus Zach Parise in Canadiens zone.
14:03 of 2nd period - Icing by Mika Zibanejad.
14:04 of 2nd period - Mika Zibanejad wins face-off versus David Krejci in Jets zone.
14:16 of 2nd period - Icing by Zach Parise.
14:17 of 2nd period - Mika Zibanejad wins face-off versus Auston Matthews in Jets zone.
15:46 of 2nd period - Torey Krug is hit by Auston Matthews and loses puck.
16:21 of 2nd period - Shot by Jakob Silfverberg.
16:21 of 2nd period - Shot Misses the Net.
17:27 of 2nd period - Icing by Valeri Nichushkin.
17:28 of 2nd period - Colin White wins face-off versus Brock Nelson in Canadiens zone.
17:44 of 2nd period - Icing by Josh Morrissey.
17:45 of 2nd period - Nick Shore wins face-off versus Mika Zibanejad in Canadiens zone.
18:11 of 2nd period - Shot by Tyson Jost.
18:11 of 2nd period - Shot Misses the Net.
18:13 of 2nd period - Shot by Ivan Provorov.
18:13 of 2nd period - Shot Misses the Net.
18:15 of 2nd period - Shot by Ivan Provorov.
18:15 of 2nd period - Shot Misses the Net.
18:17 of 2nd period - Shot by Loui Eriksson.
18:17 of 2nd period - Stopped by Ben Bishop without a rebound.
18:18 of 2nd period - David Krejci wins face-off versus Brock Nelson in Jets zone.
18:43 of 2nd period - Shot by Jakob Silfverberg.
18:43 of 2nd period - Goal by Jakob Silfverberg - Canadiens : 3 - Jets : 2.
18:44 of 2nd period - Auston Matthews wins face-off versus Nick Suzuki in neutral zone.
18:57 of 2nd period - Shot by Teuvo Teravainen.
18:57 of 2nd period - Deflect By Auston Matthews.
18:57 of 2nd period - Shot Blocked by Patrik Nemeth.
19:11 of 2nd period - Icing by Nick Foligno.
19:12 of 2nd period - Nick Suzuki wins face-off versus Ilya Kovalchuk in Jets zone.
19:28 of 2nd period - Minor Penalty to Ivan Provorov for Hooking.
19:29 of 2nd period - Nick Shore wins face-off versus Mika Zibanejad in Canadiens zone.
19:42 of 2nd period - Josh Morrissey is hit by Bryan Rust and loses puck.
19:59 of 2nd period - Shot by Mika Zibanejad.
19:59 of 2nd period - Shot Blocked by Cam Fowler.
Goals for this period are 1 for Canadiens vs 2 for Jets.
Shots for this period are 12 for Canadiens vs 15 for Jets.

3rd period


0:01 of 3rd period - Mika Zibanejad wins face-off versus Nick Shore in neutral zone.
0:04 of 3rd period - Shot by Torey Krug.
0:04 of 3rd period - Goal by Torey Krug - Canadiens : 3 - Jets : 3.
0:05 of 3rd period - Mika Zibanejad wins face-off versus Auston Matthews in neutral zone.
0:16 of 3rd period - Shot by Mika Zibanejad.
0:16 of 3rd period - Shot Misses the Net.
0:56 of 3rd period - Off-side.
0:57 of 3rd period - David Krejci wins face-off versus Brock Nelson in neutral zone.
2:50 of 3rd period - Shot by Zach Parise.
2:50 of 3rd period - Stopped by Tuukka Rask without a rebound.
2:51 of 3rd period - Mika Zibanejad wins face-off versus Auston Matthews in Canadiens zone.
2:56 of 3rd period - Shot by Kasperi Kapanen.
2:56 of 3rd period - Shot Blocked by Josh Morrissey.
3:03 of 3rd period - Off-side.
3:04 of 3rd period - Nick Shore wins face-off versus Nick Suzuki in neutral zone.
3:16 of 3rd period - Shot by Brandon Saad.
3:16 of 3rd period - Shot Misses the Net.
3:18 of 3rd period - Shot by Brandon Saad.
3:18 of 3rd period - Deflect By Nick Foligno.
3:18 of 3rd period - Shot Blocked by Cam Fowler.
3:26 of 3rd period - Shot by Nick Suzuki.
3:26 of 3rd period - Shot Misses the Net.
3:28 of 3rd period - Shot by Jaccob Slavin.
3:28 of 3rd period - Stopped by Tuukka Rask without a rebound.
3:29 of 3rd period - Zach Parise wins face-off versus Auston Matthews in Canadiens zone.
3:36 of 3rd period - Shot by Patrick Kane.
3:36 of 3rd period - Shot Misses the Net.
3:40 of 3rd period - Shot by Patrick Kane.
3:40 of 3rd period - Stopped by Ben Bishop without a rebound.
3:41 of 3rd period - Brock Nelson wins face-off versus Ilya Kovalchuk in Jets zone.
3:41 of 3rd period - Brock Nelson is hit by Ilya Kovalchuk.
3:49 of 3rd period - Cam Fowler is hit by Bryan Rust and loses puck.
3:58 of 3rd period - Shot by Bryan Rust.
3:58 of 3rd period - Stopped by Tuukka Rask without a rebound.
3:59 of 3rd period - Auston Matthews wins face-off versus Mika Zibanejad in Canadiens zone.
4:14 of 3rd period - Shot by Patrick Kane.
4:14 of 3rd period - Stopped by Ben Bishop without a rebound.
4:15 of 3rd period - Brock Nelson wins face-off versus David Krejci in Jets zone.
4:48 of 3rd period - Shot by Bryan Rust.
4:48 of 3rd period - Stopped by Tuukka Rask without a rebound.
4:49 of 3rd period - Patrick Kane wins face-off versus Mika Zibanejad in Canadiens zone.
5:02 of 3rd period - Off-side.
5:03 of 3rd period - Nick Suzuki wins face-off versus Colin White in neutral zone.
5:05 of 3rd period - Nick Foligno is hit by Karl Alzner and loses puck.
5:08 of 3rd period - Shot by Nick Suzuki.
5:08 of 3rd period - Stopped by Tuukka Rask without a rebound.
5:09 of 3rd period - Auston Matthews wins face-off versus Mika Zibanejad in Canadiens zone.
5:09 of 3rd period - Auston Matthews is hit by Zach Parise.
5:41 of 3rd period - Shot by Auston Matthews.
5:41 of 3rd period - Shot Misses the Net.
5:44 of 3rd period - Icing by Keith Yandle.
5:45 of 3rd period - David Krejci wins face-off versus Mika Zibanejad in Jets zone.
5:45 of 3rd period - Ilya Kovalchuk is hit by Jaccob Slavin and loses puck.
6:09 of 3rd period - Minor Penalty to Bryan Rust for Slashing.
6:10 of 3rd period - Auston Matthews wins face-off versus Mikko Koivu in Jets zone.
6:11 of 3rd period - Shot by Patrick Kane.
6:11 of 3rd period - Shot Misses the Net.
6:13 of 3rd period - Shot by Auston Matthews.
6:13 of 3rd period - Shot Misses the Net.
6:15 of 3rd period - Shot by Josh Morrissey.
6:15 of 3rd period - Stopped by Ben Bishop without a rebound.
6:16 of 3rd period - Auston Matthews wins face-off versus Mikko Koivu in Jets zone.
7:09 of 3rd period - Jay Bouwmeester is hit by Ivan Provorov and loses puck.
7:16 of 3rd period - Keith Yandle is hit by Ilya Kovalchuk and loses puck.
7:26 of 3rd period - Icing by Cam Fowler.
7:27 of 3rd period - Carl Soderberg wins face-off versus Ilya Kovalchuk in Canadiens zone.
7:44 of 3rd period - Shot by Ivan Provorov.
7:44 of 3rd period - Shot Blocked by Jaccob Slavin.
7:46 of 3rd period - Shot by Ivan Provorov.
7:46 of 3rd period - Shot Blocked by Hampus Lindholm.
7:48 of 3rd period - Shot by Jakob Silfverberg.
7:48 of 3rd period - Shot Misses the Net.
7:50 of 3rd period - Shot by Cam Fowler.
7:50 of 3rd period - Stopped by Ben Bishop without a rebound.
7:51 of 3rd period - Brandon Saad wins face-off versus Auston Matthews in Jets zone.
8:20 of 3rd period - Shot by Zach Parise.
8:20 of 3rd period - Stopped by Tuukka Rask without a rebound.
8:21 of 3rd period - Brock Nelson wins face-off versus Nick Shore in Canadiens zone.
8:22 of 3rd period - Shot by Mats Zuccarello.
8:22 of 3rd period - Stopped by Tuukka Rask without a rebound.
8:23 of 3rd period - David Krejci wins face-off versus Mika Zibanejad in Canadiens zone.
8:32 of 3rd period - Shot by Mika Zibanejad.
8:32 of 3rd period - Stopped by Tuukka Rask without a rebound.
8:33 of 3rd period - Auston Matthews wins face-off versus Bryan Rust in Canadiens zone.
8:39 of 3rd period - Icing by Auston Matthews.
8:40 of 3rd period - Mika Zibanejad wins face-off versus Patrick Kane in Canadiens zone.
8:41 of 3rd period - Shot by Zach Parise.
8:41 of 3rd period - Stopped by Tuukka Rask with a rebound.
8:43 of 3rd period - Shot by Kasperi Kapanen.
8:43 of 3rd period - Goal by Kasperi Kapanen - Canadiens : 3 - Jets : 4.
8:44 of 3rd period - Mats Zuccarello wins face-off versus Auston Matthews in neutral zone.
9:26 of 3rd period - Shot by Bryan Rust.
9:26 of 3rd period - Stopped by Tuukka Rask without a rebound.
9:27 of 3rd period - David Krejci wins face-off versus Mika Zibanejad in Canadiens zone.
9:52 of 3rd period - Shot by Mika Zibanejad.
9:52 of 3rd period - Stopped by Tuukka Rask without a rebound.
9:53 of 3rd period - Nick Suzuki wins face-off versus Colin White in Canadiens zone.
9:56 of 3rd period - Shot by Brandon Saad.
9:56 of 3rd period - Stopped by Tuukka Rask without a rebound.
9:57 of 3rd period - Nick Suzuki wins face-off versus Colin White in Canadiens zone.
10:34 of 3rd period - Shot by Nick Suzuki.
10:34 of 3rd period - Shot Misses the Net.
10:36 of 3rd period - Shot by Keith Yandle.
10:36 of 3rd period - Shot Blocked by Ivan Provorov.
10:46 of 3rd period - Mika Zibanejad is hit by Artturi Lehkonen and loses puck.
11:03 of 3rd period - Icing by Teuvo Teravainen.
11:04 of 3rd period - Brock Nelson wins face-off versus Auston Matthews in Canadiens zone.
11:04 of 3rd period - Brock Nelson is hit by Cam Fowler.
11:12 of 3rd period - Shot by Brock Nelson.
11:12 of 3rd period - Shot Misses the Net.
11:14 of 3rd period - Shot by Bryan Rust.
11:14 of 3rd period - Stopped by Tuukka Rask with a rebound.
11:23 of 3rd period - Mats Zuccarello is hit by Cam Fowler and loses puck.
11:41 of 3rd period - Shot by Bryan Rust.
11:41 of 3rd period - Shot Blocked by Danny DeKeyser.
11:43 of 3rd period - Shot by Bryan Rust.
11:43 of 3rd period - Shot Misses the Net.
11:45 of 3rd period - Shot by Brock Nelson.
11:45 of 3rd period - Shot Misses the Net.
11:57 of 3rd period - Danny DeKeyser is hit by Kasperi Kapanen.
11:58 of 3rd period - Icing by Danny DeKeyser.
11:59 of 3rd period - Mika Zibanejad wins face-off versus Patrick Kane in Canadiens zone.
12:14 of 3rd period - Shot by Mika Zibanejad.
12:14 of 3rd period - Stopped by Tuukka Rask without a rebound.
12:15 of 3rd period - Brandon Saad wins face-off versus David Krejci in Canadiens zone.
12:23 of 3rd period - Nick Suzuki is hit by Ivan Provorov and loses puck.
13:22 of 3rd period - Off-side.
13:23 of 3rd period - Colin White wins face-off versus Brock Nelson in neutral zone.
13:25 of 3rd period - Off-side.
13:26 of 3rd period - Colin White wins face-off versus Zach Parise in neutral zone.
13:37 of 3rd period - Shot by Artturi Lehkonen.
13:37 of 3rd period - Shot Misses the Net.
13:39 of 3rd period - Shot by Artturi Lehkonen.
13:39 of 3rd period - Stopped by Ben Bishop without a rebound.
13:40 of 3rd period - Brock Nelson wins face-off versus Auston Matthews in Jets zone.
13:54 of 3rd period - Brock Nelson is hit by Cam Fowler and loses puck.
14:37 of 3rd period - Shot by Jakob Silfverberg.
14:37 of 3rd period - Shot Misses the Net.
14:39 of 3rd period - Shot by Ivan Provorov.
14:39 of 3rd period - Stopped by Ben Bishop without a rebound.
14:40 of 3rd period - Nick Shore wins face-off versus Mika Zibanejad in Jets zone.
14:58 of 3rd period - Shot by Tyson Jost.
14:58 of 3rd period - Shot Misses the Net.
15:21 of 3rd period - Shot by Zach Parise.
15:21 of 3rd period - Stopped by Tuukka Rask without a rebound.
15:22 of 3rd period - Mikko Koivu wins face-off versus David Krejci in Canadiens zone.
17:08 of 3rd period - Shot by Artturi Lehkonen.
17:08 of 3rd period - Shot Misses the Net.
17:10 of 3rd period - Shot by Karl Alzner.
17:10 of 3rd period - Shot Blocked by Jay Bouwmeester.
17:29 of 3rd period - Shot by Valeri Nichushkin.
17:29 of 3rd period - Stopped by Ben Bishop without a rebound.
17:30 of 3rd period - Loui Eriksson wins face-off versus Mika Zibanejad in Jets zone.
17:33 of 3rd period - Shot by Josh Morrissey.
17:33 of 3rd period - Stopped by Ben Bishop without a rebound.
17:34 of 3rd period - Jakob Silfverberg wins face-off versus Mika Zibanejad in Jets zone.
17:40 of 3rd period - Zach Parise is hit by Ilya Kovalchuk and loses puck.
17:47 of 3rd period - Shot by Mika Zibanejad.
17:47 of 3rd period - Shot Misses the Net.
17:49 of 3rd period - Shot by Zach Parise.
17:49 of 3rd period - Goal by Zach Parise - Canadiens : 3 - Jets : 5.
17:50 of 3rd period - Auston Matthews wins face-off versus Mats Zuccarello in neutral zone.
18:03 of 3rd period - Shot by Auston Matthews.
18:03 of 3rd period - Stopped by Ben Bishop without a rebound.
18:04 of 3rd period - David Krejci wins face-off versus Mika Zibanejad in Jets zone.
18:29 of 3rd period - Shot by Ivan Provorov.
18:29 of 3rd period - Shot Misses the Net.
18:41 of 3rd period - Kasperi Kapanen is hit by David Krejci and loses puck.
18:58 of 3rd period - Off-side.
18:59 of 3rd period - Brock Nelson wins face-off versus Auston Matthews in neutral zone.
19:02 of 3rd period - Shot by Bryan Rust.
19:02 of 3rd period - Stopped by Tuukka Rask without a rebound.
19:03 of 3rd period - Brock Nelson wins face-off versus Auston Matthews in Canadiens zone.
19:59 of 3rd period - Shot by Valeri Nichushkin.
19:59 of 3rd period - Shot Misses the Net.
Goals for this period are 0 for Canadiens vs 3 for Jets.
Shots for this period are 9 for Canadiens vs 19 for Jets.